 Dungeon Crawl Stone Soup version 0.21.1-1-g345015f (webtiles) character file.

36 inc the Conjurer (level 3, 14/14 HPs)
             Began as a Felid Wizard on Feb 28, 2018.
             Was an Initiate of Sif Muna.
             Quit the game on level 4 of the Dungeon.
             The game lasted 00:05:46 (3409 turns).

inc the Conjurer (Felid Wizard)                     Turns: 3409, Time: 00:05:47

Health: 14/14      AC:  1    Str:  3    XL:     3   Next: 19%
Magic:  8/8        EV: 17    Int: 20    God:    Sif Muna [......]
Gold:   160        SH:  0    Dex: 14    Spells: 4/8 levels left
                                        Lives:  0   Deaths: 1

rFire    . . .     SeeInvis +   (weapon unavailable)
rCold    . . .     Gourm    .   (shield unavailable)
rNeg     . . .     Faith    .   (armour unavailable)
rPois    .         Spirit   .   (helmet unavailable)
rElec    .         Reflect  .   (cloak unavailable)
rCorr    .         Harm     .   (gloves unavailable)
MR       .....                  (boots unavailable)
Stlth    +++.......             (no amulet)
HPRegen  0.04/turn              r - +3 ring of slaying
MPRegen  0.11/turn              (no ring)

@: quick
A: very small, no armour, no weapons or thrown items, stealth, claws 1, fangs 3,
see invisible, carnivore, speed 1, shaggy fur 1, slow metabolism 1, sharp paws
a: Renounce Religion


You were on level 4 of the Dungeon.
You worshipped Sif Muna.
Sif Muna was noncommittal.
You were not hungry.

You visited 1 branch of the dungeon, and saw 4 of its levels.

You collected 160 gold pieces.

Inventory:

Jewellery
 r - a +3 ring of slaying (left paw)
Wands
 i - a wand of random effects (30)
Scrolls
 c - a scroll of identify
 e - 3 scrolls of magic mapping {unknown}
 f - 3 scrolls of fear {unknown}
 g - a scroll of random uselessness {unknown}
 j - a scroll of blinking {unknown}
 l - 3 scrolls of fog {unknown}
 m - a scroll of enchant weapon {unknown}
 o - a scroll of teleportation {unknown}
 p - 3 scrolls of remove curse {unknown}
 q - a scroll of enchant armour {unknown}
Potions
 d - a potion of haste
 h - a potion of brilliance
 k - a potion of heal wounds
 n - a potion of curing
Books
 a - a book of Minor Magic

   Spells                             Type                      Level
   a - Magic Dart                     Conjuration                  1
   b - Blink                          Translocation                2
   c - Call Imp                       Summoning                    2
   d - Slow                           Hexes                        2
   e - Conjure Flame                  Conjuration/Fire             3
   f - Mephitic Cloud                 Conjuration/Poison/Air       3
Comestibles
 b - 8 rations


   Skills:
 - Level 2.6 Dodging
 - Level 2.6 Stealth
 - Level 3.0 Spellcasting
 - Level 3.7 Conjurations
   Level 1.0 Summonings
   Level 1.5 Translocations
 + Level 0.0 Air Magic
 + Level 0.0 Poison Magic


You had 4 spell levels left.
You knew the following spells:

 Your Spells              Type           Power        Failure   Level  Hunger
a - Magic Dart            Conj           ###.         3%          1    None
b - Mephitic Cloud        Conj/Pois/Air  #.......     26%         3    ###....


Dungeon Overview and Level Annotations

Branches:
Dungeon (4/15)
 Temple: D:4-7

Altars:
Cheibriados
Sif Muna
Trog
Wu Jian


Innate Abilities, Weirdness & Mutations

You cannot wear armour.
You are incapable of wielding weapons or throwing items.
Your paws allow you to move quietly. (Stealth)
You have sharp claws.
You have razor-sharp teeth.
You have supernaturally acute eyesight. (SInv)
You are carnivorous and can eat meat at any time.
You cover ground quickly.
You are covered in fur. (AC +1)
You have a slow metabolism.
Your sharp claws are effective at attacking unaware monsters.


Message History

Casting: Magic Dart
Confirm with . or Enter, or press ? or * to list all spells.
Aiming: Magic Dart
Press: ? - help, Shift-Dir - straight line, f/p - bullfrog
Aim: a bullfrog (moderately wounded)
The magic dart hits the bullfrog.
The bullfrog is heavily wounded.
The bullfrog misses you. The bullfrog hits you.
Casting: Magic Dart
Confirm with . or Enter, or press ? or * to list all spells.
Aiming: Magic Dart
Press: ? - help, Shift-Dir - straight line, f/p - bullfrog
Aim: a bullfrog (heavily wounded)
You miscast Magic Dart.
You are very lightly contaminated with residual magic.
Nothing appears to happen.
The bullfrog hits you!
You die...
You are now level 3!
You rejoin the land of the living...
Are you sure you want to abandon this character and quit the game? (Confirm with "yes".)

# #. ##. ... #.#
#.## #@# #.##
##########
.#..####.........
#......<.........
###.###.†.#######
#.###...###
#.#.....).###
#...........#
###.......#.#


There were no monsters in sight!

Vanquished Creatures
  3 adders (D:3)
  An ooze (D:1)
  A worm (D:3)
  A dart slug (D:1)
  3 leopard geckos
  5 giant cockroaches
  5 goblins
  4 hobgoblins
  3 jackals (D:3)
  3 kobolds
  5 bats
  4 frilled lizards
  5 rats
43 creatures vanquished.

Notes
Turn   | Place    | Note
-------+----------+-------------------------------------------
     0 | D:1      | inc the Felid Wizard began the quest for the Orb.
     0 | D:1      | Reached XP level 1. HP: 7/7 MP: 5/5
    19 | D:1      | Reached skill level 1 in Conjurations
   193 | D:1      | Reached XP level 2. HP: 11/11 MP: 2/7
   541 | D:2      | Found a deep blue altar of Sif Muna.
   563 | D:2      | Became a worshipper of Sif Muna the Loreminder
  1275 | D:2      | Found an ornate altar of the Wu Jian Council.
  1486 | D:1      | Reached XP level 3. HP: 14/14 MP: 3/8
  1864 | D:3      | Found a snail-covered altar of Cheibriados.
  1914 | D:3      | Found a bloodstained altar of Trog.
  2615 | D:3      | Reached XP level 4. HP: 11/18 MP: 2/9
  3002 | D:3      | Found a faded altar of an unknown god.
  3035 | D:3      | Learned a level 3 spell: Mephitic Cloud
  3402 | D:4      | Noticed a bullfrog
  3408 | D:4      | Slain by a bullfrog
  3409 | D:4      | Reached XP level 3. HP: 0/14 MP: 6/8
  3409 | D:4      | Quit the game

Skill      XL: |  1  2  3 |
---------------+----------+-----
Conjurations   | 1 2 3 |  3.7
Dodging        | |  2.6
Stealth        | |  2.6
Spellcasting   | |  3.0
Summonings     | |  1.0
Translocations | |  1.5

Action                   |  1- 3 |  4- 6 || total
-------------------------+-------+-------++-------
Melee: Unarmed           |     3 |     1 ||     4
 Cast: Magic Dart        |   106 |    25 ||   131
  Use: Scroll            |       |     4 ||     4
 Stab: Sleeping          |       |     1 ||     1
  Eat: Chunk             |     2 |     2 ||     4
Dodge: Dodged            |    15 |     2 ||    17
